AoeStats
← Micropartícula

Hideout

509748674Analyzed
1v1 RM · 5d ago on Sep 27, 2026· 18m 41s· 2 players
Game mode
Random Map
Map size
Tiny (2 player)
Population
200
Speed
Normal
Resources
Standard
Victory
Conquest
Starting age
Dark Age
Ending age
Imperial Age
RankedLock teamsTeams togetherTeam positionsShared explorationLock speedFull tech treeHidden civsTurbo modeCheats
Victory
Defeat
🇩🇪 Cumans · Germany
1159
+17
🇨🇱 Mongols · Chile
1170
-17
Auf die Schnauze!
9:59 Feudal Age
10:45 Double-Bit Axe
11:45 Man-at-Arms
15:12 Scale Mail Armor
15:23 Forging
Micropartícula
8:58 Feudal Age
9:26 Man-at-Arms
10:00 Double-Bit Axe
15:03 Fletching
Connection lost

Rejoining the realm…

Still unreachable

The connection could not be restored.

Session expired

The server has moved on; the page needs a fresh start.